Colorado Rockies vs Arizona Coyotes
(R1)
Created - Tuesday, September 17, 2024 at 08:18
Goals
|
| Colorado Rockies |
0 |
2 |
0 |
2 |
| Arizona Coyotes |
0 |
2 |
2 |
4 |
|
Shots
|
| Colorado Rockies |
7 |
10 |
4 |
21 |
| Arizona Coyotes |
9 |
3 |
10 |
22 |
|
1st period
No Goal
Penalties :
Jani Hakanpaa (AZC) for Roughing (Minor) at 3:05, Jani Hakanpaa (AZC) for High sticking (Minor) at 10:23, Charlie Coyle (AZC) for Cross-checking (Minor) at 13:03, Mason McTavish (AZC) for Diving (Minor) at 14:32
2nd period
1. Arizona Coyotes , Brandon Tanev 2 (Erik Haula 6, Mason McTavish 10) at 6:03 (PP)
2. Arizona Coyotes , Charlie Coyle 12 (Mats Zuccarello 18, Ryan Donato 5) at 9:56
3. Colorado Rockies , Tim Stutzle 6 (Kyle Connor 4, David Pastrnak 15) at 15:32
4. Colorado Rockies , Nikita Kucherov 14 (Jesper Bratt 11, Ryan O'Reilly 19) at 15:47
Penalties :
David Pastrnak (COL) for Tripping (Minor) at 5:27, Tyler Seguin (AZC) for Roughing (Minor) at 10:16, Brandon Tanev (AZC) for Roughing (Minor) at 16:32
3rd period
5. Arizona Coyotes , Mason McTavish 8 (Erik Haula 7, Radko Gudas 8) at 13:49 (PP)
6. Arizona Coyotes , Erik Haula 7 (Mason McTavish 11, Brandon Tanev 8) at 19:16 (Empty Net)
Penalties :
Tyler Seguin (AZC) for Tripping (Minor) at 5:09, Jesper Bratt (COL) for Hooking (Minor) at 10:11, Vince Dunn (COL) for Tripping (Minor) at 13:13, Vince Dunn (COL) for Slashing (Minor) at 14:04
Goalie Stats
Joey Daccord (COL), 18 saves from 21 shots - (0.857), L, 2-8-3, 59:28 minutes
Petr Mrazek (AZC), 19 saves from 21 shots - (0.905), W, 7-8-3, 60:00 minutes
Players Stats for Colorado Rockies
Player Name G A P +/- PIM S H SB GA TA FO MP PP MP PK MP
------------------------------------------------------------------------------------
Andrew Peeke 0 0 0 0 0 1 0 1 0 0 0/0 13:09 0:00 1:46
David Pastrnak 0 1 1 1 2 3 0 0 0 0 0/0 20:31 6:19 2:27
Evgeny Kuznetsov 0 0 0 0 0 0 1 1 0 1 1/3 4:27 0:00 0:00
Jesper Bratt 0 1 1 0 2 3 1 0 0 0 1/2 21:10 7:04 1:22
Kevin Hayes 0 0 0 0 0 0 0 1 0 0 0/0 3:29 0:00 0:00
Kyle Connor 0 1 1 1 0 2 2 0 0 0 0/1 19:18 6:19 0:40
Kyle Palmieri 0 0 0 -2 0 0 3 1 1 0 0/0 11:40 0:00 1:00
Martin Fehervary 0 0 0 0 0 0 1 1 0 0 0/0 23:25 7:04 2:29
Michael Bunting 0 0 0 -1 0 0 0 0 0 0 0/0 9:59 0:00 0:00
Nick Bonino 0 0 0 0 0 0 0 0 0 0 0/0 6:27 0:00 0:00
Nick Schmaltz 0 0 0 -1 0 4 1 0 0 0 1/5 14:47 0:00 0:00
Nikita Kucherov 1 0 1 0 0 1 2 1 1 1 3/8 22:22 7:04 2:36
Nikita Zadorov 0 0 0 0 0 0 3 2 0 0 0/0 23:10 7:04 2:37
Quinn Hughes 0 0 0 1 0 1 3 0 0 0 0/0 25:25 6:19 2:41
Ryan O'Reilly 0 1 1 0 0 1 1 0 0 0 8/17 22:00 7:04 2:15
Tim Stutzle 1 0 1 1 0 1 1 1 1 1 6/19 19:04 6:19 0:00
Victor Hedman 0 0 0 1 0 3 1 0 1 0 0/0 19:33 5:55 0:36
Vince Dunn 0 0 0 -1 4 1 0 1 0 0 0/0 14:50 0:24 0:11
Players Stats for Arizona Coyotes
Player Name G A P +/- PIM S H SB GA TA FO MP PP MP PK MP
------------------------------------------------------------------------------------
Anthony Deangelo 0 0 0 0 0 0 0 0 0 1 0/0 12:36 0:00 1:33
Brandon Tanev 1 1 2 1 2 3 3 1 0 0 0/0 13:52 2:39 0:42
Brayden McNabb 0 0 0 0 0 0 3 2 0 1 0/0 23:13 2:52 6:15
Charlie Coyle 1 0 1 0 2 3 0 0 0 0 21/32 21:41 2:31 5:16
Erik Haula 1 2 3 1 0 2 0 1 0 0 0/0 13:07 2:39 0:00
Jakob Silfverberg 0 0 0 0 0 1 1 0 0 0 0/0 7:39 0:00 0:00
Jani Hakanpaa 0 0 0 0 4 0 2 1 0 0 0/0 23:07 2:18 4:24
Jared Spurgeon 0 0 0 0 0 1 1 0 0 0 0/0 25:07 2:18 6:30
Mark Jankowski 0 0 0 0 0 0 1 0 0 0 2/2 7:47 0:00 0:17
Mason McTavish 1 2 3 1 2 3 2 0 1 1 5/7 18:41 2:39 5:22
Mats Zuccarello 0 1 1 0 0 3 1 0 2 0 0/2 22:13 2:31 5:56
Matt Dumba 0 0 0 0 0 1 0 0 0 0 0/0 11:57 0:00 0:55
Ondrej Palat 0 0 0 0 0 0 1 0 0 0 0/0 7:30 0:00 0:00
Radko Gudas 0 1 1 0 0 1 1 1 0 1 0/0 24:07 2:52 7:09
Ross Colton 0 0 0 -1 0 0 2 0 0 0 4/4 9:42 0:00 0:21
Ryan Donato 0 1 1 -1 0 0 1 0 0 0 0/0 10:11 0:00 0:41
Tyler Seguin 0 0 0 0 4 3 2 0 0 0 3/5 20:53 2:31 4:25
Zach Parise 0 0 0 -1 0 1 1 0 0 0 0/3 12:37 0:00 3:15
3 Stars
1 - Erik Haula (AZC)
2 - Mason McTavish (AZC)
3 - Brandon Tanev (AZC)
Power Play
Colorado Rockies - 0 on 7 Attempt(s) - 0.00%
Arizona Coyotes - 2 on 4 Attempt(s) - 50.00%
Penalty Kill
Colorado Rockies - 2 on 4 Attempt(s) - 50.00%
- Score 0 goal in Penalty Kill
Arizona Coyotes - 7 on 7 Attempt(s) - 100.00%
- Score 0 goal in Penalty Kill
Team Stat
Colorado Rockies - Hits : 20 - Faceoff Wins : 20 - Blocked Shots : 10 - Penalty Minutes : 8
Arizona Coyotes - Hits : 22 - Faceoff Wins : 35 - Blocked Shots : 6 - Penalty Minutes : 14
Official
Referees : Jon Mcisaac and Chris Lee
Linesman : David Brisebois and Steve Barton
Game Notes
Evgeny Kuznetsov is injured at 14:10 of 2nd period (Bruised Right Shoulder)
15:32 of 2nd period - Colorado Rockies goal is going for a video replay. After video review, Goal.
Victor Hedman is injured at 6:44 of 3rd period (Bruised Left Shoulder)
Erik Haula has scored in a empty net!
Finance
Level 1 -- Attendance: 5824 (97.07%) -- Ticket Income $541,632
Level 2 -- Attendance: 4540 (90.80%) -- Ticket Income $236,080
Level 3 -- Attendance: 2650 (88.33%) -- Ticket Income $79,500
Level 4 -- Attendance: 4291 (85.82%) -- Ticket Income $85,820
Luxury Box -- Attendance: 885 (88.50%) -- Ticket Income $170,805
Game was played at the Gila River Arena.
Total Attendance: 18190 (90.95%)
Total Ticket Income: $1,113,837
Other Income: $389,843
Total Income: $1,503,680
Colorado Rockies
5 vs 5 Forward
Center Left Wing Right Wing Time % Phy DF OF
1 Ryan O'Reilly Jesper Bratt Nikita Kucherov 30 1 2 2
2 Tim Stutzle Kyle Connor David Pastrnak 30 1 2 2
3 Nick Schmaltz Kyle Palmieri Michael Bunting 25 1 2 2
4 Evgeny Kuznetsov Nick Bonino Nick Schmaltz 15 1 2 2
5 vs 5 Defense
Defense Defense Time % Phy DF OF
1 Victor Hedman Quinn Hughes 30 1 2 2
2 Nikita Zadorov Martin Fehervary 30 1 2 2
3 Vince Dunn Andrew Peeke 25 1 2 2
4 Victor Hedman Quinn Hughes 15 1 2 2
PowerPlay Forward
Center Left Wing Right Wing Time % Phy DF OF
1 Ryan O'Reilly Jesper Bratt Nikita Kucherov 50 1 2 2
2 Tim Stutzle Kyle Connor David Pastrnak 50 1 2 2
PowerPlay Defense
Defense Defense Time % Phy DF OF
1 Victor Hedman Quinn Hughes 50 1 2 2
2 Nikita Zadorov Martin Fehervary 50 1 2 2
Penalty Kill 4 Players Forward
Center Wing Time % Phy DF OF
1 Nikita Kucherov David Pastrnak 50 1 2 2
2 Ryan O'Reilly Jesper Bratt 50 1 2 2
Penalty Kill 4 Players Defense
Defense Defense Time % Phy DF OF
1 Victor Hedman Quinn Hughes 50 1 2 2
2 Nikita Zadorov Martin Fehervary 50 1 2 2
Penalty Kill - 3 Players Forward
Forward Time % Phy DF OF
1 Kyle Palmieri 50 1 2 2
2 Kevin Hayes 50 1 2 2
Penalty Kill - 3 Players Defense
Defense Defense Time % Phy DF OF
1 Victor Hedman Quinn Hughes 50 1 2 2
2 Nikita Zadorov Martin Fehervary 50 1 2 2
4 vs 4 Forward
Center Wing Time % Phy DF OF
1 Ryan O'Reilly David Pastrnak 50 1 2 2
2 Nick Bonino Jesper Bratt 50 1 2 2
4 vs 4 Defense
Defense Defense Time % Phy DF OF
1 Victor Hedman Quinn Hughes 50 1 2 2
2 Nikita Zadorov Martin Fehervary 50 1 2 2
Last Minutes Offensive
Center Left Wing Right Wing Defense Defense
Ryan O'Reilly Jesper Bratt Nikita Kucherov Victor Hedman Quinn Hughes
Last Minutes Defensive
Center Left Wing Right Wing Defense Defense
Ryan O'Reilly Jesper Bratt Nikita Kucherov Victor Hedman Quinn Hughes
Goaltenders
Starting : Joey Daccord
Backup : Daniil Tarasov
Extra Forwards
Normal : Evgeny Kuznetsov, Kevin Hayes, Kyle Palmieri - PP : Evgeny Kuznetsov, Kevin Hayes - PK : Kyle Palmieri
Extra Defensemen
Normal : Vince Dunn, Victor Hedman, Nikita Zadorov - PP : Vince Dunn - PK : Quinn Hughes, Nikita Zadorov
Penalty Shots
Nikita Kucherov, David Pastrnak, Ryan O'Reilly, Jesper Bratt, Tim Stutzle
Scratches
Jakub Vrana (Healthy)
Arizona Coyotes
5 vs 5 Forward
Center Left Wing Right Wing Time % Phy DF OF
1 Charlie Coyle Mats Zuccarello Tyler Seguin 40 0 2 3
2 Mason McTavish Erik Haula Brandon Tanev 30 0 2 3
3 Ross Colton Zach Parise Ryan Donato 20 1 3 1
4 Mark Jankowski Jakob Silfverberg Ondrej Palat 10 1 3 1
5 vs 5 Defense
Defense Defense Time % Phy DF OF
1 Jared Spurgeon Jani Hakanpaa 40 1 3 1
2 Radko Gudas Brayden McNabb 35 1 3 1
3 Matt Dumba Anthony Deangelo 25 1 3 1
4 Jared Spurgeon Jani Hakanpaa 0 1 2 2
PowerPlay Forward
Center Left Wing Right Wing Time % Phy DF OF
1 Charlie Coyle Mats Zuccarello Tyler Seguin 50 1 1 3
2 Mason McTavish Erik Haula Brandon Tanev 50 1 1 3
PowerPlay Defense
Defense Defense Time % Phy DF OF
1 Jared Spurgeon Jani Hakanpaa 50 1 3 1
2 Radko Gudas Brayden McNabb 50 1 1 3
Penalty Kill 4 Players Forward
Center Wing Time % Phy DF OF
1 Charlie Coyle Mats Zuccarello 50 1 3 1
2 Tyler Seguin Mason McTavish 50 1 3 1
Penalty Kill 4 Players Defense
Defense Defense Time % Phy DF OF
1 Jared Spurgeon Jani Hakanpaa 50 1 3 1
2 Radko Gudas Brayden McNabb 50 1 3 1
Penalty Kill - 3 Players Forward
Forward Time % Phy DF OF
1 Ross Colton 50 1 3 1
2 Mark Jankowski 50 1 3 1
Penalty Kill - 3 Players Defense
Defense Defense Time % Phy DF OF
1 Matt Dumba Radko Gudas 55 1 3 1
2 Anthony Deangelo Brayden McNabb 45 1 3 1
4 vs 4 Forward
Center Wing Time % Phy DF OF
1 Charlie Coyle Mats Zuccarello 50 1 1 3
2 Tyler Seguin Mason McTavish 50 1 1 3
4 vs 4 Defense
Defense Defense Time % Phy DF OF
1 Jared Spurgeon Jani Hakanpaa 50 1 3 1
2 Radko Gudas Brayden McNabb 50 1 3 1
Last Minutes Offensive
Center Left Wing Right Wing Defense Defense
Charlie Coyle Mats Zuccarello Tyler Seguin Jared Spurgeon Jani Hakanpaa
Last Minutes Defensive
Center Left Wing Right Wing Defense Defense
Charlie Coyle Mats Zuccarello Tyler Seguin Jared Spurgeon Jani Hakanpaa
Goaltenders
Starting : Petr Mrazek
Backup : Carter Hart
Extra Forwards
Normal : Ross Colton, Ryan Donato, Zach Parise - PP : Ross Colton, Ryan Donato - PK : Zach Parise
Extra Defensemen
Normal : Matt Dumba, Anthony Deangelo, Radko Gudas - PP : Matt Dumba - PK : Anthony Deangelo, Radko Gudas
Penalty Shots
Charlie Coyle, Mats Zuccarello, Tyler Seguin, Mason McTavish, Erik Haula
Scratches
Jayden Struble (Healthy), Ondrej Pavel (Healthy), Scott Reedy (Healthy), Elvis Merzlikins (Healthy)
% Time on Ice - Colorado Rockies
Lines # - Real PCT - Wanted PCT - Time Play
Normal Forward
1 - 30% - 30% - 12:19
2 - 30% - 30% - 12:19
3 - 24% - 25% - 9:59
4 - 16% - 15% - 6:27
Normal Defense
1 - 33% - 30% - 13:26
2 - 31% - 30% - 12:32
3 - 25% - 25% - 10:27
4 - 11% - 15% - 4:39
PP Forward
1 - 53% - 50% - 7:04
2 - 47% - 50% - 6:19
PP Defense
1 - 47% - 50% - 6:19
2 - 53% - 50% - 7:04
PK Forward
1 - 50% - 50% - 2:36
2 - 50% - 50% - 2:34
PK Defense
1 - 68% - 50% - 3:31
2 - 32% - 50% - 1:39
PK3 Forward
1 - 0% - 50%
2 - 0% - 50%
PK3 Defense
1 - 0% - 50%
2 - 0% - 50%
44 Forward
1 - 0% - 50%
2 - 0% - 50%
44 Defense
1 - 0% - 50%
2 - 0% - 50%
Last Minute Offensive - 0:23
Last Minute Defensive - 0:00
Total
Forward - 60:00
Defense - 60:00
|
% Time on Ice - Arizona Coyotes
Lines # - Real PCT - Wanted PCT - Time Play
Normal Forward
1 - 33% - 40% - 13:46
2 - 27% - 30% - 11:07
3 - 22% - 20% - 9:04
4 - 18% - 10% - 7:30
Normal Defense
1 - 39% - 40% - 16:19
2 - 34% - 35% - 14:06
3 - 27% - 25% - 11:02
4 - 0% - 0% - 0:00
PP Forward
1 - 49% - 50% - 2:31
2 - 51% - 50% - 2:39
PP Defense
1 - 45% - 50% - 2:18
2 - 55% - 50% - 2:52
PK Forward
1 - 49% - 50% - 6:17
2 - 51% - 50% - 6:36
PK Defense
1 - 51% - 50% - 6:38
2 - 49% - 50% - 6:15
PK3 Forward
1 - 43% - 50% - 0:13
2 - 57% - 50% - 0:17
PK3 Defense
1 - 100% - 55% - 0:30
2 - 0% - 45% - 0:00
44 Forward
1 - 0% - 50%
2 - 0% - 50%
44 Defense
1 - 0% - 50%
2 - 0% - 50%
Last Minute Offensive - 0:00
Last Minute Defensive - 0:00
Total
Forward - 60:00
Defense - 60:00
|
Play-by-Play
1st period
0:01 of 1st period - Charlie Coyle wins face-off versus Ryan O'Reilly in neutral zone.
0:36 of 1st period - Wrist shot by Mason McTavish.
0:36 of 1st period - Shot Misses the Net.
3:05 of 1st period - Minor Penalty to Jani Hakanpaa for Roughing.
3:06 of 1st period - Ryan O'Reilly wins face-off versus Charlie Coyle in Arizona Coyotes zone.
3:19 of 1st period - Slapshot by Ryan O'Reilly.
3:19 of 1st period - Shot Misses the Net.
3:21 of 1st period - Slapshot by Victor Hedman.
3:21 of 1st period - Stopped by Petr Mrazek without a rebound.
3:22 of 1st period - Tyler Seguin wins face-off versus Tim Stutzle in Arizona Coyotes zone.
3:35 of 1st period - Snap shot by Mason McTavish.
3:35 of 1st period - Stopped by Joey Daccord with a rebound.
3:47 of 1st period - Radko Gudas is hit by Nikita Zadorov and loses puck.
5:05 of 1st period - Penalty to Jani Hakanpaa is over, Jani Hakanpaa is back on ice.
5:24 of 1st period - Martin Fehervary is hit by Ross Colton and loses puck.
5:41 of 1st period - Nick Bonino is hit by Mark Jankowski and loses puck.
6:19 of 1st period - Off-side.
6:20 of 1st period - Mark Jankowski wins face-off versus Evgeny Kuznetsov in neutral zone.
6:52 of 1st period - Wrist shot by David Pastrnak.
6:52 of 1st period - Stopped by Petr Mrazek with a rebound.
6:54 of 1st period - Slapshot by Andrew Peeke.
6:54 of 1st period - Shot Blocked by Brayden McNabb.
7:06 of 1st period - Slapshot by Mason McTavish.
7:06 of 1st period - Stopped by Joey Daccord without a rebound.
7:07 of 1st period - Mason McTavish wins face-off versus Ryan O'Reilly in Colorado Rockies zone.
7:34 of 1st period - Wrist shot by Jesper Bratt.
7:34 of 1st period - Stopped by Petr Mrazek with a rebound.
7:36 of 1st period - Wrist shot by Ryan O'Reilly.
7:36 of 1st period - Stopped by Petr Mrazek with a rebound.
7:38 of 1st period - Snap shot by Jesper Bratt.
7:38 of 1st period - Stopped by Petr Mrazek without a rebound.
7:39 of 1st period - Tim Stutzle wins face-off versus Charlie Coyle in Arizona Coyotes zone.
7:48 of 1st period - Snap shot by Tyler Seguin.
7:48 of 1st period - Shot Blocked by Nikita Zadorov.
7:50 of 1st period - Snap shot by Tyler Seguin.
7:50 of 1st period - Shot Blocked by Tim Stutzle.
7:52 of 1st period - Snap shot by Charlie Coyle.
7:52 of 1st period - Shot Misses the Net.
9:09 of 1st period - Slapshot by David Pastrnak.
9:09 of 1st period - Stopped by Petr Mrazek with a rebound.
9:11 of 1st period - Slapshot by Andrew Peeke.
9:11 of 1st period - Stopped by Petr Mrazek with a rebound.
9:23 of 1st period - Snap shot by Mason McTavish.
9:23 of 1st period - Shot Misses the Net.
9:25 of 1st period - Slapshot by Radko Gudas.
9:25 of 1st period - Deflect By Ryan O'Reilly.
9:25 of 1st period - Stopped by Joey Daccord with a rebound.
9:27 of 1st period - Wrist shot by Brandon Tanev.
9:27 of 1st period - Stopped by Joey Daccord with a rebound.
9:43 of 1st period - Snap shot by Nikita Kucherov.
9:43 of 1st period - Deflect By Charlie Coyle.
9:43 of 1st period - Shot Misses the Net.
9:43 of 1st period - Puck is out of play.
9:44 of 1st period - Charlie Coyle wins face-off versus Nick Schmaltz in Arizona Coyotes zone.
9:51 of 1st period - Snap shot by Mats Zuccarello.
9:51 of 1st period - Stopped by Joey Daccord without a rebound.
9:52 of 1st period - Charlie Coyle wins face-off versus Tim Stutzle in Colorado Rockies zone.
10:12 of 1st period - Icing by Tyler Seguin.
10:13 of 1st period - Charlie Coyle wins face-off versus Nick Schmaltz in Arizona Coyotes zone.
10:22 of 1st period - Snap shot by Charlie Coyle.
10:22 of 1st period - Stopped by Joey Daccord with a rebound.
10:23 of 1st period - Minor Penalty to Jani Hakanpaa for High sticking.
10:24 of 1st period - Tim Stutzle wins face-off versus Tyler Seguin in Arizona Coyotes zone.
11:22 of 1st period - Radko Gudas is hit by Martin Fehervary and loses puck.
12:10 of 1st period - Icing by Victor Hedman.
12:11 of 1st period - Tim Stutzle wins face-off versus Zach Parise in Colorado Rockies zone.
12:23 of 1st period - Penalty to Jani Hakanpaa is over, Jani Hakanpaa is back on ice.
12:40 of 1st period - Wrist shot by Jared Spurgeon.
12:40 of 1st period - Stopped by Joey Daccord without a rebound.
12:41 of 1st period - Charlie Coyle wins face-off versus Evgeny Kuznetsov in Colorado Rockies zone.
12:42 of 1st period - Wrist shot by Mats Zuccarello.
12:42 of 1st period - Shot Misses the Net.
13:03 of 1st period - Minor Penalty to Charlie Coyle for Cross-checking.
13:04 of 1st period - Tyler Seguin wins face-off versus Tim Stutzle in Arizona Coyotes zone.
13:04 of 1st period - Tyler Seguin is hit by Nikita Zadorov.
13:19 of 1st period - Backhand shot by Kyle Connor.
13:19 of 1st period - Deflect By Mats Zuccarello.
13:19 of 1st period - Shot Misses the Net.
13:19 of 1st period - Puck is out of play.
13:20 of 1st period - Ryan O'Reilly wins face-off versus Tyler Seguin in Arizona Coyotes zone.
14:32 of 1st period - Minor Penalty to Mason McTavish for Diving.
14:33 of 1st period - Ross Colton wins face-off versus Nikita Kucherov in Arizona Coyotes zone.
15:03 of 1st period - Penalty to Charlie Coyle is over, Charlie Coyle is back on ice.
15:36 of 1st period - Icing by Ryan O'Reilly.
15:37 of 1st period - Charlie Coyle wins face-off versus Ryan O'Reilly in Colorado Rockies zone.
16:13 of 1st period - Charlie Coyle is hit by Nikita Kucherov and loses puck.
16:32 of 1st period - Penalty to Mason McTavish is over, Mason McTavish is back on ice.
18:00 of 1st period - Tim Stutzle is hit by Ondrej Palat.
18:10 of 1st period - Wrist shot by Ondrej Palat.
18:10 of 1st period - Shot Misses the Net.
18:16 of 1st period - Jakob Silfverberg is hit by Kyle Palmieri.
19:13 of 1st period - Wrist shot by Erik Haula.
19:13 of 1st period - Stopped by Joey Daccord with a rebound.
19:45 of 1st period - Slapshot by Mats Zuccarello.
19:45 of 1st period - Shot Misses the Net.
19:47 of 1st period - Slapshot by Matt Dumba.
19:47 of 1st period - Stopped by Joey Daccord without a rebound.
19:48 of 1st period - Charlie Coyle wins face-off versus Tim Stutzle in Colorado Rockies zone.
Goals for this period are 0 for Colorado Rockies vs 0 for Arizona Coyotes.
Shots for this period are 7 for Colorado Rockies vs 9 for Arizona Coyotes.
2nd period
0:01 of 2nd period - Ryan O'Reilly wins face-off versus Charlie Coyle in neutral zone.
0:08 of 2nd period - Quinn Hughes is hit by Brayden McNabb and loses puck.
0:27 of 2nd period - Brandon Tanev is hit by Kyle Connor and loses puck.
0:58 of 2nd period - Slapshot by Michael Bunting.
0:58 of 2nd period - Deflect By Nick Schmaltz.
0:58 of 2nd period - Stopped by Petr Mrazek with a rebound.
1:00 of 2nd period - Slapshot by Victor Hedman.
1:00 of 2nd period - Stopped by Petr Mrazek with a rebound.
1:02 of 2nd period - Wrist shot by Nick Schmaltz.
1:02 of 2nd period - Stopped by Petr Mrazek with a rebound.
1:30 of 2nd period - Ondrej Palat is hit by Evgeny Kuznetsov.
1:34 of 2nd period - Snap shot by Nick Schmaltz.
1:34 of 2nd period - Shot Blocked by Brayden McNabb.
1:36 of 2nd period - Slapshot by Andrew Peeke.
1:36 of 2nd period - Shot Misses the Net.
1:38 of 2nd period - Backhand shot by Nick Bonino.
1:38 of 2nd period - Shot Blocked by Radko Gudas.
1:58 of 2nd period - Mason McTavish is hit by Tim Stutzle and loses puck.
2:19 of 2nd period - Snap shot by Zach Parise.
2:19 of 2nd period - Shot Misses the Net.
2:33 of 2nd period - Snap shot by Mats Zuccarello.
2:33 of 2nd period - Shot Blocked by Martin Fehervary.
2:59 of 2nd period - Slapshot by Jesper Bratt.
2:59 of 2nd period - Shot Misses the Net.
3:01 of 2nd period - Slapshot by Andrew Peeke.
3:01 of 2nd period - Shot Misses the Net.
3:16 of 2nd period - Wrist shot by Mats Zuccarello.
3:16 of 2nd period - Deflect By Nick Schmaltz.
3:16 of 2nd period - Shot Misses the Net.
3:16 of 2nd period - Puck is out of play.
3:17 of 2nd period - Evgeny Kuznetsov wins face-off versus Mason McTavish in Colorado Rockies zone.
3:24 of 2nd period - Wrist shot by Brandon Tanev.
3:24 of 2nd period - Shot Hit the Post.
3:30 of 2nd period - Erik Haula is hit by Victor Hedman and loses puck.
3:49 of 2nd period - Off-side.
3:50 of 2nd period - Mason McTavish wins face-off versus Ryan O'Reilly in neutral zone.
4:56 of 2nd period - Snap shot by Kyle Connor.
4:56 of 2nd period - Shot Blocked by Jani Hakanpaa.
5:00 of 2nd period - Slapshot by Nick Schmaltz.
5:00 of 2nd period - Stopped by Petr Mrazek without a rebound.
5:01 of 2nd period - Nick Schmaltz wins face-off versus Mats Zuccarello in Arizona Coyotes zone.
5:02 of 2nd period - Snap shot by Kyle Palmieri.
5:02 of 2nd period - Shot Misses the Net.
5:04 of 2nd period - Slapshot by Victor Hedman.
5:04 of 2nd period - Deflect By Mats Zuccarello.
5:04 of 2nd period - Stopped by Petr Mrazek with a rebound.
5:08 of 2nd period - Backhand shot by Nick Schmaltz.
5:08 of 2nd period - Shot Misses the Net.
5:27 of 2nd period - Minor Penalty to David Pastrnak for Tripping.
5:28 of 2nd period - Charlie Coyle wins face-off versus Nikita Kucherov in Colorado Rockies zone.
5:33 of 2nd period - Wrist shot by Charlie Coyle.
5:33 of 2nd period - Shot Misses the Net.
6:03 of 2nd period - Snap shot by Brandon Tanev.
6:03 of 2nd period - Goal by Brandon Tanev - Colorado Rockies : 0 - Arizona Coyotes : 1.
6:04 of 2nd period - Charlie Coyle wins face-off versus Tim Stutzle in neutral zone.
6:36 of 2nd period - Wrist shot by Brandon Tanev.
6:36 of 2nd period - Shot Blocked by Nikita Kucherov.
7:35 of 2nd period - Icing by Mats Zuccarello.
7:36 of 2nd period - Jesper Bratt wins face-off versus Charlie Coyle in Arizona Coyotes zone.
7:37 of 2nd period - Wrist shot by Nikita Kucherov.
7:37 of 2nd period - Deflect By Ryan O'Reilly.
7:37 of 2nd period - Shot Misses the Net.
7:37 of 2nd period - Puck is out of play.
7:38 of 2nd period - Tyler Seguin wins face-off versus Ryan O'Reilly in Arizona Coyotes zone.
7:38 of 2nd period - Tyler Seguin is hit by Nikita Kucherov.
7:48 of 2nd period - Andrew Peeke is hit by Tyler Seguin and loses puck.
8:09 of 2nd period - Wrist shot by Kyle Connor.
8:09 of 2nd period - Stopped by Petr Mrazek with a rebound.
8:55 of 2nd period - Snap shot by Nick Schmaltz.
8:55 of 2nd period - Shot Misses the Net.
9:13 of 2nd period - Wrist shot by Kyle Connor.
9:13 of 2nd period - Stopped by Petr Mrazek with a rebound.
9:15 of 2nd period - Snap shot by David Pastrnak.
9:15 of 2nd period - Shot Misses the Net.
9:17 of 2nd period - Slapshot by Tim Stutzle.
9:17 of 2nd period - Shot Misses the Net.
9:33 of 2nd period - Snap shot by Nick Schmaltz.
9:33 of 2nd period - Shot Misses the Net.
9:48 of 2nd period - Icing by Kyle Palmieri.
9:49 of 2nd period - Ross Colton wins face-off versus Nick Schmaltz in Colorado Rockies zone.
9:54 of 2nd period - Wrist shot by Mats Zuccarello.
9:54 of 2nd period - Shot Blocked by Nikita Zadorov.
9:56 of 2nd period - Wrist shot by Charlie Coyle.
9:56 of 2nd period - Goal by Charlie Coyle - Colorado Rockies : 0 - Arizona Coyotes : 2.
9:57 of 2nd period - Ryan O'Reilly wins face-off versus Charlie Coyle in neutral zone.
10:02 of 2nd period - Jared Spurgeon is hit by Ryan O'Reilly.
10:16 of 2nd period - Minor Penalty to Tyler Seguin for Roughing.
10:17 of 2nd period - Tim Stutzle wins face-off versus Zach Parise in Arizona Coyotes zone.
11:13 of 2nd period - Kyle Connor is hit by Mason McTavish and loses puck.
12:12 of 2nd period - Ryan O'Reilly is hit by Radko Gudas.
12:16 of 2nd period - Penalty to Tyler Seguin is over, Tyler Seguin is back on ice.
12:22 of 2nd period - Jakob Silfverberg is hit by Nick Schmaltz and loses puck.
12:33 of 2nd period - Slapshot by Ondrej Palat.
12:33 of 2nd period - Shot Misses the Net.
12:45 of 2nd period - Evgeny Kuznetsov is hit by Brayden McNabb and loses puck.
13:11 of 2nd period - Nikita Kucherov is hit by Jani Hakanpaa and loses puck.
14:10 of 2nd period - Wrist shot by Ondrej Palat.
14:10 of 2nd period - Shot Blocked by Evgeny Kuznetsov.
14:10 of 2nd period - Evgeny Kuznetsov from Colorado Rockies is injured at 14:10 of 2nd period (Bruised Right Shoulder).
14:11 of 2nd period - Charlie Coyle wins face-off versus Tim Stutzle in Colorado Rockies zone.
14:14 of 2nd period - Snap shot by Mats Zuccarello.
14:14 of 2nd period - Stopped by Joey Daccord without a rebound.
14:15 of 2nd period - Charlie Coyle wins face-off versus Kyle Connor in Colorado Rockies zone.
14:46 of 2nd period - Victor Hedman is hit by Brandon Tanev and loses puck.
15:11 of 2nd period - Slapshot by Nick Schmaltz.
15:11 of 2nd period - Stopped by Petr Mrazek with a rebound.
15:25 of 2nd period - Radko Gudas is hit by Kyle Connor and loses puck.
15:30 of 2nd period - Snap shot by Kyle Connor.
15:30 of 2nd period - Shot Misses the Net.
15:32 of 2nd period - Wrist shot by Tim Stutzle.
15:32 of 2nd period - Colorado Rockies goal is going for a video replay.
15:32 of 2nd period - The goal is good.
15:32 of 2nd period - Goal by Tim Stutzle - Colorado Rockies : 1 - Arizona Coyotes : 2.
15:33 of 2nd period - Ryan O'Reilly wins face-off versus Charlie Coyle in neutral zone.
15:37 of 2nd period - Off-side.
15:38 of 2nd period - Ryan O'Reilly wins face-off versus Mats Zuccarello in neutral zone.
15:47 of 2nd period - Snap shot by Nikita Kucherov.
15:47 of 2nd period - Goal by Nikita Kucherov - Colorado Rockies : 2 - Arizona Coyotes : 2.
15:48 of 2nd period - Charlie Coyle wins face-off versus Tim Stutzle in neutral zone.
16:32 of 2nd period - Minor Penalty to Brandon Tanev for Roughing.
16:33 of 2nd period - Charlie Coyle wins face-off versus Ryan O'Reilly in Arizona Coyotes zone.
18:32 of 2nd period - Penalty to Brandon Tanev is over, Brandon Tanev is back on ice.
18:40 of 2nd period - Slapshot by Jared Spurgeon.
18:40 of 2nd period - Shot Blocked by Kyle Palmieri.
18:51 of 2nd period - Victor Hedman is hit by Ross Colton and loses puck.
19:22 of 2nd period - Matt Dumba is hit by Kyle Palmieri and loses puck.
Goals for this period are 2 for Colorado Rockies vs 2 for Arizona Coyotes.
Shots for this period are 10 for Colorado Rockies vs 3 for Arizona Coyotes.
3rd period
0:01 of 3rd period - Ryan O'Reilly wins face-off versus Charlie Coyle in neutral zone.
0:08 of 3rd period - Wrist shot by Nikita Kucherov.
0:08 of 3rd period - Shot Misses the Net.
0:10 of 3rd period - Slapshot by Jesper Bratt.
0:10 of 3rd period - Stopped by Petr Mrazek without a rebound.
0:11 of 3rd period - Tim Stutzle wins face-off versus Charlie Coyle in Arizona Coyotes zone.
0:14 of 3rd period - Snap shot by David Pastrnak.
0:14 of 3rd period - Shot Misses the Net.
0:40 of 3rd period - Wrist shot by Mason McTavish.
0:40 of 3rd period - Shot Misses the Net.
1:24 of 3rd period - Anthony Deangelo is hit by Quinn Hughes and loses puck.
1:45 of 3rd period - Vince Dunn is hit by Mats Zuccarello and loses puck.
2:26 of 3rd period - Wrist shot by Zach Parise.
2:26 of 3rd period - Stopped by Joey Daccord with a rebound.
2:28 of 3rd period - Slapshot by Radko Gudas.
2:28 of 3rd period - Shot Misses the Net.
3:53 of 3rd period - Snap shot by Kyle Palmieri.
3:53 of 3rd period - Shot Misses the Net.
3:55 of 3rd period - Slapshot by Andrew Peeke.
3:55 of 3rd period - Shot Hit the Post.
3:57 of 3rd period - Slapshot by Vince Dunn.
3:57 of 3rd period - Stopped by Petr Mrazek without a rebound.
3:58 of 3rd period - Mark Jankowski wins face-off versus Tim Stutzle in Arizona Coyotes zone.
4:26 of 3rd period - Icing by Jesper Bratt.
4:27 of 3rd period - Charlie Coyle wins face-off versus Ryan O'Reilly in Colorado Rockies zone.
4:28 of 3rd period - Snap shot by Mats Zuccarello.
4:28 of 3rd period - Shot Misses the Net.
4:30 of 3rd period - Snap shot by Mats Zuccarello.
4:30 of 3rd period - Deflect By Charlie Coyle.
4:30 of 3rd period - Shot Blocked by Andrew Peeke.
4:30 of 3rd period - Puck is out of play.
4:31 of 3rd period - Charlie Coyle wins face-off versus Ryan O'Reilly in Colorado Rockies zone.
4:42 of 3rd period - Snap shot by Tyler Seguin.
4:42 of 3rd period - Stopped by Joey Daccord with a rebound.
4:44 of 3rd period - Wrist shot by Tyler Seguin.
4:44 of 3rd period - Stopped by Joey Daccord with a rebound.
4:46 of 3rd period - Wrist shot by Mats Zuccarello.
4:46 of 3rd period - Stopped by Joey Daccord with a rebound.
4:48 of 3rd period - Wrist shot by Charlie Coyle.
4:48 of 3rd period - Stopped by Joey Daccord with a rebound.
5:00 of 3rd period - Wrist shot by Tim Stutzle.
5:00 of 3rd period - Shot Blocked by Brandon Tanev.
5:02 of 3rd period - Snap shot by Andrew Peeke.
5:02 of 3rd period - Shot Blocked by Erik Haula.
5:06 of 3rd period - Snap shot by David Pastrnak.
5:06 of 3rd period - Stopped by Petr Mrazek without a rebound.
5:07 of 3rd period - Charlie Coyle wins face-off versus Tim Stutzle in Arizona Coyotes zone.
5:09 of 3rd period - Minor Penalty to Tyler Seguin for Tripping.
5:10 of 3rd period - Charlie Coyle wins face-off versus Tim Stutzle in Arizona Coyotes zone.
5:22 of 3rd period - Slapshot by Tim Stutzle.
5:22 of 3rd period - Shot Misses the Net.
5:24 of 3rd period - Snap shot by David Pastrnak.
5:24 of 3rd period - Shot Misses the Net.
6:43 of 3rd period - Victor Hedman is hit by Brandon Tanev and loses puck.
6:44 of 3rd period - Victor Hedman from Colorado Rockies is injured at 6:44 of 3rd period (Bruised Left Shoulder).
6:45 of 3rd period - Charlie Coyle wins face-off versus Tim Stutzle in Colorado Rockies zone.
7:09 of 3rd period - Penalty to Tyler Seguin is over, Tyler Seguin is back on ice.
7:12 of 3rd period - Slapshot by Jared Spurgeon.
7:12 of 3rd period - Deflect By Brandon Tanev.
7:12 of 3rd period - Stopped by Joey Daccord without a rebound.
7:13 of 3rd period - Mason McTavish wins face-off versus Ryan O'Reilly in Colorado Rockies zone.
7:13 of 3rd period - Mason McTavish is hit by Jesper Bratt.
7:17 of 3rd period - Wrist shot by Mason McTavish.
7:17 of 3rd period - Shot Misses the Net.
7:50 of 3rd period - Snap shot by David Pastrnak.
7:50 of 3rd period - Shot Misses the Net.
8:06 of 3rd period - Slapshot by Quinn Hughes.
8:06 of 3rd period - Stopped by Petr Mrazek without a rebound.
8:07 of 3rd period - Ross Colton wins face-off versus Jesper Bratt in Arizona Coyotes zone.
8:20 of 3rd period - Snap shot by Ross Colton.
8:20 of 3rd period - Shot Misses the Net.
8:25 of 3rd period - Off-side.
8:26 of 3rd period - Tim Stutzle wins face-off versus Charlie Coyle in neutral zone.
8:36 of 3rd period - Martin Fehervary is hit by Tyler Seguin and loses puck.
8:53 of 3rd period - Michael Bunting is hit by Jani Hakanpaa and loses puck.
10:11 of 3rd period - Minor Penalty to Jesper Bratt for Hooking.
10:12 of 3rd period - Nikita Kucherov wins face-off versus Mason McTavish in Colorado Rockies zone.
10:27 of 3rd period - Mason McTavish is hit by Quinn Hughes and loses puck.
10:44 of 3rd period - Nikita Kucherov is hit by Jared Spurgeon and loses puck.
12:11 of 3rd period - Penalty to Jesper Bratt is over, Jesper Bratt is back on ice.
12:27 of 3rd period - Slapshot by Ryan Donato.
12:27 of 3rd period - Deflect By Nick Schmaltz.
12:27 of 3rd period - Shot Misses the Net.
12:27 of 3rd period - Puck is out of play.
12:28 of 3rd period - Ryan O'Reilly wins face-off versus Zach Parise in Colorado Rockies zone.
12:54 of 3rd period - Nick Schmaltz is hit by Jakob Silfverberg and loses puck.
13:03 of 3rd period - Wrist shot by Jakob Silfverberg.
13:03 of 3rd period - Stopped by Joey Daccord with a rebound.
13:05 of 3rd period - Slapshot by Ondrej Palat.
13:05 of 3rd period - Shot Misses the Net.
13:07 of 3rd period - Slapshot by Anthony Deangelo.
13:07 of 3rd period - Shot Blocked by Vince Dunn.
13:13 of 3rd period - Minor Penalty to Vince Dunn for Tripping.
13:14 of 3rd period - Mason McTavish wins face-off versus Nikita Kucherov in Colorado Rockies zone.
13:32 of 3rd period - Icing by Erik Haula.
13:33 of 3rd period - Mason McTavish wins face-off versus Nikita Kucherov in Arizona Coyotes zone.
13:38 of 3rd period - Nikita Kucherov is hit by Brandon Tanev and loses puck.
13:49 of 3rd period - Slapshot by Mason McTavish.
13:49 of 3rd period - Goal by Mason McTavish - Colorado Rockies : 2 - Arizona Coyotes : 3.
13:50 of 3rd period - Charlie Coyle wins face-off versus Tim Stutzle in neutral zone.
13:59 of 3rd period - Snap shot by Mats Zuccarello.
13:59 of 3rd period - Deflect By Charlie Coyle.
13:59 of 3rd period - Shot Misses the Net.
13:59 of 3rd period - Puck is out of play.
14:00 of 3rd period - Charlie Coyle wins face-off versus Tim Stutzle in Colorado Rockies zone.
14:04 of 3rd period - Minor Penalty to Vince Dunn for Slashing.
14:05 of 3rd period - Nikita Kucherov wins face-off versus Charlie Coyle in Colorado Rockies zone.
14:05 of 3rd period - Nikita Kucherov is hit by Brayden McNabb.
14:12 of 3rd period - Snap shot by Tyler Seguin.
14:12 of 3rd period - Stopped by Joey Daccord without a rebound.
14:13 of 3rd period - Nikita Kucherov wins face-off versus Charlie Coyle in Colorado Rockies zone.
14:19 of 3rd period - Off-side.
14:20 of 3rd period - Charlie Coyle wins face-off versus Nikita Kucherov in neutral zone.
14:47 of 3rd period - Brandon Tanev is hit by Nikita Zadorov and loses puck.
16:04 of 3rd period - Penalty to Vince Dunn is over, Vince Dunn is back on ice.
16:20 of 3rd period - Nikita Zadorov is hit by Zach Parise and loses puck.
16:45 of 3rd period - Wrist shot by Jakob Silfverberg.
16:45 of 3rd period - Shot Blocked by Kevin Hayes.
16:55 of 3rd period - Kyle Connor is hit by Mason McTavish and loses puck.
17:36 of 3rd period - Kyle Connor is hit by Ryan Donato and loses puck.
18:41 of 3rd period - Matt Dumba is hit by Quinn Hughes and loses puck.
18:44 of 3rd period - Colorado Rockies, Joey Daccord is pulled from the net.
19:00 of 3rd period - Brandon Tanev is hit by Kyle Palmieri.
19:16 of 3rd period - Snap shot by Erik Haula.
19:16 of 3rd period - Goal by Erik Haula - Colorado Rockies : 2 - Arizona Coyotes : 4.
19:16 of 3rd period - Joey Daccord from Colorado Rockies was sent back in the game.
19:17 of 3rd period - Ross Colton wins face-off versus Nick Schmaltz in neutral zone.
Goals for this period are 0 for Colorado Rockies vs 2 for Arizona Coyotes.
Shots for this period are 4 for Colorado Rockies vs 10 for Arizona Coyotes.
Back to the Top